 Dungeon Crawl Stone Soup version 0.26.0-57-g60708a5e39 (webtiles) character file.

Game seed: 13382525546344012197

12390 kaeus the Martial Artist (level 11, -9/94 HPs)
             Began as a Yellow Draconian Transmuter on Feb 1, 2021.
             Was a High Priest of Cheibriados.
             Mangled by a komodo dragon (16 damage)
             ... on level 2 of the Lair of Beasts.
             The game lasted 00:22:03 (15361 turns).

kaeus the Martial Artist (DrTm)                    Turns: 15361, Time: 00:22:04

Health: -9/94      AC:  2    Str: 24    XL:     11   Next: 61%
Magic:  16/18      EV: 29    Int: 25    God:    Cheibriados [*****.]
Gold:   590        SH:  0    Dex: 30    Spells: 7/19 levels left

rFire    . . .     SeeInvis .     - Unarmed
rCold    . . .     Faith    +   (shield currently unavailable)
rNeg     . . .     Spirit   .   (armour unavailable)
rPois    .         Reflect  .   (helmet currently unavailable)
rElec    .         Harm     .   (cloak currently unavailable)
rCorr    .         Rampage  .   (gloves currently unavailable)
Will     +....                  (boots currently unavailable)
Stlth    ++........             A - amulet of faith
HPRegen  0.25/turn              a - ring of poison resistance
MPRegen  0.16/turn              m - ring of willpower

@: spider-form, slowed, very slow
A: tiny, (spit acid), unfitting armour, AC +7
a: End Transformation, Renounce Religion, Bend Time, Temporal Distortion,
Slouch, Step From Time


You were on level 2 of the Lair of Beasts.
You worshipped Cheibriados.
Cheibriados was extremely pleased with you.
You were a venomous arachnid creature.
You visited 3 branches of the dungeon, and saw 13 of its levels.

You collected 715 gold pieces.
You spent 125 gold pieces at shops.

Inventory:

Armour
 j - a +2 pair of gloves (melded)
 x - a +1 pair of boots (melded)
 F - a +2 hat of willpower
Magical Staves
 v - an uncursed staff of conjuration
Jewellery
 a - a ring of poison resistance (left front leg)
 d - an uncursed ring of ice
 k - an uncursed ring of willpower
 m - a ring of willpower (right front leg)
 r - an uncursed amulet of the acrobat
 w - an uncursed ring of positive energy
 A - an amulet of faith (around neck)
 E - an uncursed ring of wizardry {unknown}
 G - an uncursed ring of see invisible {unknown}
Wands
 l - a wand of enslavement (7)
 q - a wand of polymorph (11)
 B - a wand of digging (4)
Scrolls
 b - 2 scrolls of fog
 c - 4 scrolls of teleportation
 e - 2 scrolls of identify
 i - 3 scrolls of remove curse
 n - a scroll of blinking {unknown}
 o - a scroll of fear {unknown}
 s - a scroll of magic mapping
 t - 2 scrolls of enchant armour
 u - a scroll of amnesia
 y - a scroll of vulnerability {unknown}
Potions
 f - a potion of lignification
 g - 2 potions of curing
 h - a potion of flight
 p - a potion of heal wounds
 z - 2 potions of might {unknown}
 D - 2 potions of mutation {unknown}
Miscellaneous
 C - a box of beasts


   Skills:
 + Level 8.0 Fighting
 + Level 6.8 Dodging
 + Level 10.4 Unarmed Combat
 - Level 4.8 Spellcasting
 + Level 8.7 Transmutations
 - Level 1.5 Ice Magic
 - Level 1.5 Poison Magic
 + Level 7.4 Invocations


You had 7 spell levels left.
You knew the following spells:

 Your Spells              Type           Power        Failure   Level
a - Spider Form           Tmut/Pois      15%          11%         3
b - Ice Form              Ice/Tmut       31%          26%         4
c - Blade Hands           Tmut           24%          17%         5

Your spell library contained the following spells:

 Spells                   Type           Power        Failure   Level
 Beastly Appendage        Tmut           98%          2%          1
 Wereblood                Tmut           49%          3%          2
 Magic Dart               Conj           24%          22%         1
 Summon Small Mammal      Summ           24%          22%         1
 Blink                    Tloc           N/A          30%         2
 Call Imp                 Summ           6%           30%         2
 Slow                     Hex            6%           30%         2
 Mephitic Cloud           Conj/Pois/Air  8%           41%         3
 Call Canine Familiar     Summ           6%           47%         3
 Conjure Flame            Conj/Fire      6%           47%         3
 Summon Guardian Golem    Hex/Summ       6%           47%         3
 Summon Ice Beast         Ice/Summ       9%           73%         4
 Summon Lightning Spire   Summ/Air       6%           82%         4


Dungeon Overview and Level Annotations

Branches:
Dungeon (10/15)            Temple (1/1) D:5            Lair (2/6) D:10
  Swamp: Lair:2-4    Shoals: Lair:2-4     Snake: Lair:2-4    Spider: Lair:2-4
    Orc: D:9-12

Altars:
Ashenzari
Cheibriados
Dithmenos
Elyvilon
Fedhas
Gozag
Hepliaklqana
Kikubaaqudgha
Makhleb
Nemelex Xobeh
Okawaru
Qazlal
Ru
Sif Muna
Trog
Uskayaw
Vehumet
Wu Jian
Xom
Yredelemnul
Zin
The Shining One

Shops:
D:4 *

Annotations:
D:4 2 transporters, MrSixtyFour's ghost, amateur TeAE


Innate Abilities, Weirdness & Mutations

((You can spit globs of acid.))
((Your golden yellow scales are hard. (AC +7)))
You cannot fit into any form of body armour.
((You are cold-blooded and may be slowed by cold attacks.))
((You are resistant to acid. (rCorr)))


Message History

You hit the komodo dragon but do no damage.
The komodo dragon is poisoned.
The komodo dragon misses you.
You bite the komodo dragon!
The komodo dragon looks as sick as possible!
The komodo dragon is moderately wounded.
The komodo dragon barely misses you.
You bite the komodo dragon!
The komodo dragon looks as sick as possible!
The komodo dragon is heavily wounded.
The komodo dragon bites you.
* * * LOW HITPOINT WARNING * * *
You take 4 damage, and have 6/94 hp.
You hit the komodo dragon.
The komodo dragon looks as sick as possible!
The komodo dragon is severely wounded.
The komodo dragon misses you.
You barely miss the komodo dragon.
The komodo dragon is severely wounded.
The komodo dragon misses you. The komodo dragon bites you!
You die...

#### ########### ###
###...###.#.##.#..####..
........................
........................
........................
.......s.(††..##.#..##..
........l..?.........<..
.......................#
.P#................##.#.
......................#.
....#...................
....P...................
.....≈.≈≈.........+.^.8.
....#.....


You could see a komodo dragon (extremely poisoned).

Vanquished Creatures
  Gastronok (Lair:2)
  Harold (D:7)
  An unseen horror (D:10)
  A centaur zombie (D:10)
  5 cane toads
  2 komodo dragons (Lair:1)
  6 blink frogs
  Sigmund (D:5)
  12 yaks
  A basilisk (Lair:1)
  3 water moccasins
  4 black bears
  2 orc warriors
  2 sky beasts
  An ice beast (D:5)
  A necrophage (D:9)
  2 ogres
  5 wolves (Lair:1)
  5 centaurs
  9 bullfrogs
  3 scorpions
  3 wights (D:8)
  A howler monkey (D:5)
  A quasit (D:7)
  5 hounds
  3 jellies
  4 orc priests
  5 orc wizards
  2 bullfrog skeletons (D:5)
  Ijyb (D:3)
  2 iguanas
  Natasha (thrice) (D:3)
  5 hell rats (Lair:2)
  2 worker ants
  A hound zombie (D:10)
  Robin (D:3)
  3 gnolls (D:3)
  5 adders
  A shadow imp (D:10)
  A white imp (D:10)
  3 ufetubi
  3 oozes
  2 adder zombies
  An adder skeleton (D:6)
  2 dart slugs (D:2)
  8 leopard geckos
  39 orcs
  3 giant cockroaches
  10 goblins
  12 hobgoblins
  17 jackals
  A quokka (D:5)
  A ball python (D:4)
  7 bats (D:1)
  5 frilled lizards
  8 kobolds
  9 rats
248 creatures vanquished.

Vanquished Creatures (others)
  A quokka (D:3)
  3 goblins (D:3)
  A rat (D:3)
  47 fungi
  45 plants
97 creatures vanquished.

Grand Total: 345 creatures vanquished

Notes
Turn   | Place    | Note
-------+----------+-------------------------------------------
     0 | D:1      | kaeus the Draconian Transmuter began the quest for the Orb.
     0 | D:1      | Reached XP level 1. HP: 16/16 MP: 3/3
   217 | D:1      | Reached XP level 2. HP: 24/24 MP: 3/5
   708 | D:1      | Reached XP level 3. HP: 30/30 MP: 4/6
  1062 | D:1      | Found a blossoming altar of Fedhas.
  1398 | D:2      | Learned a level 3 spell: Spider Form
  1868 | D:3      | Found a white marble altar of Elyvilon.
  1868 | D:3      | Noticed Robin
  2066 | D:3      | Killed Robin
  2067 | D:3      | Reached XP level 4. HP: 23/37 MP: 3/7
  2347 | D:3      | Noticed Natasha
  2354 | D:3      | Reached XP level 5. HP: 17/42 MP: 4/9
  2363 | D:3      | Killed Natasha
  2398 | D:3      | Noticed Natasha
  2405 | D:3      | Killed Natasha
  2430 | D:3      | Noticed Natasha
  2440 | D:3      | Killed Natasha
  3160 | D:3      | Reached XP level 6. HP: 40/50 MP: 7/11
  3603 | D:3      | Noticed Ijyb
  3614 | D:3      | Killed Ijyb
  3736 | D:3      | Found a basalt altar of Yredelemnul.
  4122 | D:4      | Found Jidost's Assorted Antiques.
  4398 | D:4      | Noticed a sky beast
  4407 | D:4      | Killed a sky beast
  4411 | D:4      | Bought a large brass amulet for 125 gold pieces
  4471 | D:4      | Found a broken altar of Ashenzari.
  4496 | D:4      | Found a transporter.
  4575 | D:4      | Found a transporter.
  4575 | D:4      | Noticed MrSixtyFour's ghost (amateur TeAE)
  5106 | D:5      | Entered Level 5 of the Dungeon
  5119 | D:5      | Noticed an ice beast
  5141 | D:5      | Killed an ice beast
  5142 | D:5      | Reached skill level 5 in Transmutations
  5142 | D:5      | Your scales start taking on a golden yellow colour.
  5142 | D:5      | Reached XP level 7. HP: 36/56 MP: 8/14
  5142 | D:5      | Gained mutation: You are resistant to acid. (rCorr) [Yellow
                  | Draconian growth]
  5147 | D:5      | Learned a level 4 spell: Ice Form
  5153 | D:5      | Learned a level 5 spell: Blade Hands
  5264 | D:5      | Reached skill level 4 in Unarmed Combat
  5458 | D:5      | Reached skill level 5 in Unarmed Combat
  5645 | D:5      | Reached skill level 6 in Unarmed Combat
  5904 | D:5      | Reached XP level 8. HP: 62/62 MP: 11/15
  5971 | D:5      | Found a staircase to the Ecumenical Temple.
  6267 | D:5      | Noticed Sigmund
  6274 | D:5      | Killed Sigmund
  6275 | D:5      | Reached skill level 1 in Poison Magic
  6299 | D:5      | Reached skill level 7 in Unarmed Combat
  6447 | Temple   | Entered the Ecumenical Temple
  6536 | Temple   | Became a worshipper of Cheibriados the Contemplative
  6566 | D:6      | Found a glowing golden altar of the Shining One.
  6566 | D:6      | Found an ornate altar of the Wu Jian Council.
  6566 | D:6      | Found a stormy altar of Qazlal.
  6566 | D:6      | Found an iron altar of Okawaru.
  7112 | D:6      | Found a blossoming altar of Fedhas.
  7121 | D:6      | Reached skill level 8 in Unarmed Combat
  7220 | D:6      | Reached * piety under Cheibriados
  7440 | D:6      | Reached skill level 1 in Invocations
  7852 | D:6      | Reached skill level 1 in Ice Magic
  8118 | D:7      | Found a shimmering blue altar of Sif Muna.
  8198 | D:7      | Noticed Harold
  8217 | D:7      | Killed Harold
  8218 | D:7      | Reached XP level 9. HP: 21/71 MP: 14/16
  8464 | D:7      | You fall into a shaft and drop 2 floors!
  8784 | D:8      | Found a basalt altar of Yredelemnul.
  8823 | D:8      | Reached ** piety under Cheibriados
  9199 | D:7      | Found a blossoming altar of Fedhas.
  9205 | D:7      | Found a shadowy altar of Dithmenos.
  9205 | D:7      | Found an opulent altar of Gozag.
  9207 | D:7      | Found a shimmering altar of Xom.
  9207 | D:7      | Found a basalt altar of Yredelemnul.
  9207 | D:7      | Found a bloodstained altar of Trog.
 10604 | D:9      | Found a sparkling altar of Nemelex Xobeh.
 10822 | D:9      | Reached skill level 5 in Fighting
 10831 | D:9      | Reached skill level 9 in Unarmed Combat
 10971 | D:9      | Reached XP level 10. HP: 63/81 MP: 13/17
 10994 | D:9      | Reached *** piety under Cheibriados
 11164 | D:9      | Found a shimmering blue altar of Sif Muna.
 11289 | D:10     | Entered Level 10 of the Dungeon
 11673 | D:10     | Reached skill level 5 in Invocations
 11682 | D:10     | Found a staircase to the Lair.
 11730 | D:10     | Reached skill level 5 in Dodging
 11949 | D:10     | Killed an unseen horror
 12423 | D:10     | Reached **** piety under Cheibriados
 12901 | Lair:1   | Entered Level 1 of the Lair of Beasts
 13630 | Lair:1   | Noticed a cane toad
 13635 | Lair:1   | Killed a cane toad
 14075 | Lair:1   | Reached XP level 11. HP: 90/92 MP: 13/18
 14528 | Lair:2   | Reached skill level 10 in Unarmed Combat
 15309 | Lair:2   | Noticed Gastronok
 15328 | Lair:2   | Killed Gastronok
 15347 | Lair:2   | Reached ***** piety under Cheibriados
 15361 | Lair:2   | Mangled by a komodo dragon

Illustrated notes

Levels and vault maps discovered:
D:1:      dpeg_arrival_water_altar, layout_basic,
          hangedman_abyss_or_decor_lesser_grid
D:2:      layout_basic
D:3:      layout_rooms, lemuel_round_altar, elyvilon_altar_4, nrook_uturn,
          uniq_robin, uniq_ijyb, uniq_natasha
D:4:      layout_loops_ring, evilmike_ruin_ashenzari, serial_shops,
          nicolae_shop_stone, gammafunk_ghost_mausoleum
D:5:      minmay_angry_zag, layout_gridville,
          minmay_temple_entry_enclosed_plants, serial_bayou,
          serial_bayou_pond_b, serial_bayou_crossing, serial_bayou_pond_a,
          serial_bayou_pond_c, serial_bayou_pond_c,
          chequers_serial_rivers_micro_c, hangedman_abyss_or_decor_stabs,
          amcnicky_mini_pool_medium, uniq_sigmund
D:6:      layout_basic, nicolae_overflow_crystal_walls,
          chequers_temple_overflow_statue_of_worship
D:7:      layout_basic, doesnt_xom_only_xom, led_sif_pool, uniq_harold
D:8:      layout_basic, amcnicky_altar_gilded
D:9:      layout_rooms, lemuel_coloured_pillars_altar,
          nemelex_xobeh_ov_fountains_minmay
D:10:     layout_basic, due_lair_maze_entry_diamond, unseen_surprise_small
Temple:   nicolae_temple_hex_pool
Lair:1:   layout_regular_city
Lair:2:   layout_chaotic_city, grunt_megastairs_3, lemuel_fruit_fields,
          infiniplex_staircase_pool_2, uniq_gastronok

Skill      XL: |  1  2  3  4  5  6  7  8  9 10 11 |
---------------+----------------------------------+-----
Fighting       | 2 3 5 7 8 |  8.0
Spellcasting   | 3 4 |  4.8
Transmutations | 3 5 6 7 8 |  8.7
Unarmed Combat | 6 8 9 10 | 10.4
Poison Magic   | 1 |  1.5
Dodging        | 3 4 5 6 |  6.8
Invocations    | 2 4 6 7 |  7.4
Ice Magic      | 1 |  1.5

Action                   |  1- 3 |  4- 6 |  7- 9 | 10-12 || total
-------------------------+-------+-------+-------+-------++-------
Melee: Unarmed           |   107 |   170 |   245 |   220 ||   742
       Headbutt          |     9 |       |       |       ||     9
       Kick              |    18 |       |       |       ||    18
       Tailslap          |    10 |     3 |     6 |    12 ||    31
       Punch             |     2 |     3 |       |     5 ||    10
 Cast: Beastly Appendage |    26 |       |       |       ||    26
       Spider Form       |     2 |    15 |    33 |    17 ||    67
       Ice Form          |       |       |     4 |     5 ||     9
       Blade Hands       |       |       |       |     1 ||     1
  Use: Scroll            |     5 |     5 |     5 |     3 ||    18
       Potion            |       |       |     6 |     3 ||     9
 Stab: Sleeping          |       |       |     1 |       ||     1
Armor: Skin              |    26 |    49 |    42 |    26 ||   143
Dodge: Dodged            |    74 |   111 |   264 |   292 ||   741
